 Dungeon Crawl Stone Soup version 0.30-a0-1018-g25214051b3 (webtiles) character file.

Game seed: 2270512168067014265

343 theswoord the Ducker (level 6, -9/44 HPs)
             Began as a Gnoll Wanderer on Apr 7, 2023.
             Was a Believer of Fedhas.
             Mangled by an ogre
             ... wielding a +0 giant club
              (30 damage)
             ... on level 3 of the Dungeon.
             The game lasted 00:04:54 (2923 turns).

theswoord the Ducker (Gnoll Wanderer)               Turns: 2923, Time: 00:04:55

Health: -9/44      AC:  8    Str: 12    XL:     6   Next: 57%
Magic:  9/9        EV: 11    Int: 12    God:    Fedhas [**....]
Gold:   144        SH:  5    Dex: 14    Spells: 9/9 levels left

rFire   . . .      SeeInvis .    a - +3 hand axe
rCold   . . .      Faith    .    (no shield)
rNeg    . . .      Spirit   .    k - +0 scale mail
rPois   .          Reflect  +    c - +1 helmet
rElec   .          Rampage  .    (no cloak)
rCorr   .          Rnd*Tele +    (no gloves)
Will    +....                    (no boots)
Stlth   +                        g - amulet of reflection
HPRegen 0.27/turn                (no ring)
MPRegen 0.11/turn                (no ring)

@: no status effects
A: fangs 1, strong nose, distributed training, clever 1, strong-willed 1, sense
surroundings 1, teleportitis 1
a: Renounce Religion, Wall of Briars


You were on level 3 of the Dungeon.
You worshipped Fedhas.
Fedhas was pleased with you.
You visited 1 branch of the dungeon, and saw 3 of its levels.

You collected 144 gold pieces.

Inventory:

Hand Weapons
 a - a +3 hand axe (weapon)
 b - a +0 quarterstaff
 i - a +0 battleaxe
Armour
 c - a +1 helmet (worn)
 e - a +0 leather armour
 h - a +0 chain mail
 k - a +0 scale mail (worn)
Jewellery
 g - an amulet of reflection (around neck)
Scrolls
 d - a scroll of fog
 n - a scroll of silence {unknown}
 o - a scroll of identify
 p - a scroll of vulnerability {unknown}
Potions
 f - 2 potions of heal wounds
 j - a potion of invisibility


   Skills:
 + Level 2.1 Fighting
 + Level 2.1 Short Blades
 + Level 2.1 Long Blades
 + Level 6.9 Axes
 + Level 2.1 Maces & Flails
 + Level 2.1 Polearms
 + Level 5.0 Staves
 + Level 2.1 Ranged Weapons
 + Level 3.3 Throwing
 + Level 2.1 Armour
 + Level 6.9 Dodging
 + Level 3.2 Stealth
 + Level 2.1 Shields
 + Level 2.1 Unarmed Combat
 + Level 2.1 Spellcasting
 + Level 1.6 Conjurations
 + Level 1.6 Hexes
 + Level 1.6 Summonings
 + Level 1.6 Necromancy
 + Level 1.6 Translocations
 + Level 1.6 Transmutations
 + Level 1.6 Fire Magic
 + Level 1.6 Ice Magic
 + Level 1.6 Air Magic
 + Level 1.6 Earth Magic
 + Level 1.6 Poison Magic
 + Level 2.3 Invocations
 + Level 2.1 Evocations


You had 9 spell levels left.
You didn't know any spells.
Your spell library was empty.

Dungeon Overview and Level Annotations

Branches:
Dungeon (3/15)

Altars:
Fedhas
Trog


Innate Abilities, Weirdness & Mutations

You have very sharp teeth.
Your uncanny sense of smell can sniff out nearby items.
Your experience applies equally to all skills.
Your mind is acute. (Int +4, Str/Dex -1)
You are strong-willed. (Will+)
You passively map a small area around you.
You are occasionally teleported next to monsters.


Message History

A worm is nearby!
A worm is nearby!
You hit the worm. You bite the worm, but do no damage. The worm bites you!
You hit the worm. You hit the worm. The worm barely misses you.
You hit the worm but do no damage. You hit the worm.
The worm closely misses you.
You hit the worm. You slash the worm!
You kill the worm!
Fedhas appreciates your contribution to the ecosystem.
You can now encircle yourself with summoned briar patches.
No target in view!
No target in view!
You see here 7 gold pieces.
You see here a +0 pair of gloves.
The hobgoblin shouts!
The hobgoblin throws a stone.
The stone hits you but does no damage.
A hobgoblin is nearby!
A hobgoblin is nearby!
A hobgoblin is nearby!
The ogre shouts!
You hear an angry hiss.
The hobgoblin misses you.
You slash the hobgoblin!
You kill the hobgoblin!
Fedhas appreciates your contribution to the ecosystem.
You barely miss the ogre.
A ball python comes into view.
You barely miss the ogre. The ogre misses you.
You hit the ogre. The ogre completely misses you.
You hit the ogre. You bite the ogre. You closely miss the ogre.
The ogre hits you with a +0 giant club!!
Ouch! That really hurt!
* * * LOW HITPOINT WARNING * * *
You hit the ogre. You punch the ogre. You bite the ogre.
The ogre hits you with a +0 giant club!!
Ouch! That really hurt!
You die...
Fedhas appreciates your contribution to the ecosystem.

######### ## #.......#
##.## #.#####.#
##...########.##.##.#
##.....##........#.#.#
#.........####..###...
##.....#### #...#....
##..@## ####..###
##O## ##.### #S * *
#.##. #. , , * #.##.
## , ,, #.##. * ∆,<
#.... ** ,, ##..# ,
#..#. . #.#.#


You could see an ogre and a ball python.

Vanquished Creatures
  Sigmund (D:3)
  Pargi (D:3)
  An adder (D:2)
  2 worms
  A dart slug (D:1)
  3 orcs (D:3)
  5 bats
  3 endoplasms
  2 giant cockroaches (D:1)
  5 goblins
  5 hobgoblins
  5 quokkas
  8 ball pythons
  6 frilled lizards
  9 kobolds
  5 rats
62 creatures vanquished.

Notes
Turn   | Place    | Note
-------+----------+-------------------------------------------
     0 | D:1      | theswoord the Gnoll Wanderer began the quest for the Orb.
     0 | D:1      | theswoord set off with the following items: a +2 hand axe,
                  | a +0 quarterstaff, a +0 helmet, a scroll of fog, a +0
                  | leather armour.
     0 | D:1      | Reached XP level 1. HP: 13/13 MP: 1/1
   244 | D:1      | Reached XP level 2. HP: 19/19 MP: 2/2
   634 | D:1      | Reached XP level 3. HP: 25/25 MP: 3/3
  1123 | D:2      | Reached skill level 1 in Invocations
  1128 | D:2      | Found a faded altar of an unknown god.
  1298 | D:2      | Prayed at the altar of an unknown god.
  1298 | D:2      | Became a worshipper of Fedhas Madash
  1298 | D:2      | Reached * piety under Fedhas
  1356 | D:2      | Reached skill level 1 in Fighting
  1356 | D:2      | Reached skill level 1 in Short Blades
  1356 | D:2      | Reached skill level 1 in Long Blades
  1356 | D:2      | Reached skill level 1 in Maces & Flails
  1356 | D:2      | Reached skill level 1 in Polearms
  1356 | D:2      | Reached skill level 1 in Ranged Weapons
  1356 | D:2      | Reached skill level 1 in Armour
  1356 | D:2      | Reached skill level 1 in Shields
  1356 | D:2      | Reached skill level 1 in Unarmed Combat
  1356 | D:2      | Reached skill level 1 in Spellcasting
  1356 | D:2      | Reached skill level 1 in Evocations
  1638 | D:2      | Reached XP level 4. HP: 31/32 MP: 5/5
  2074 | D:3      | Noticed Pargi
  2091 | D:3      | Killed Pargi
  2092 | D:3      | Reached skill level 1 in Conjurations
  2092 | D:3      | Reached skill level 1 in Hexes
  2092 | D:3      | Reached skill level 1 in Summonings
  2092 | D:3      | Reached skill level 1 in Necromancy
  2092 | D:3      | Reached skill level 1 in Translocations
  2092 | D:3      | Reached skill level 1 in Transmutations
  2092 | D:3      | Reached skill level 1 in Fire Magic
  2092 | D:3      | Reached skill level 1 in Ice Magic
  2092 | D:3      | Reached skill level 1 in Air Magic
  2092 | D:3      | Reached skill level 1 in Earth Magic
  2092 | D:3      | Reached skill level 1 in Poison Magic
  2092 | D:3      | Reached XP level 5. HP: 6/37 MP: 5/7
  2429 | D:3      | Noticed Sigmund
  2429 | D:3      | Noticed an ogre
  2705 | D:3      | Found a bloodstained altar of Trog.
  2710 | D:3      | Gained mutation: You passively map a small area around you.
                  | [potion of mutation]
  2710 | D:3      | Gained mutation: Your mind is acute. (Int +4, Str/Dex -1)
                  | [potion of mutation]
  2710 | D:3      | Gained mutation: You are occasionally teleported next to
                  | monsters. [potion of mutation]
  2710 | D:3      | Gained mutation: You are strong-willed. (Will+) [potion of
                  | mutation]
  2729 | D:3      | Killed Sigmund
  2730 | D:3      | Reached skill level 5 in Staves
  2730 | D:3      | Reached XP level 6. HP: 15/44 MP: 7/9
  2846 | D:3      | Reached ** piety under Fedhas
  2923 | D:3      | Mangled by an ogre

Skill      XL: |  1  2  3  4  5 |
---------------+----------------+-----
Invocations    | 1 2 |  2.3
Fighting       | 1 2 |  2.1
Short Blades   | 1 2 |  2.1
Long Blades    | 1 2 |  2.1
Maces & Flails | 1 2 |  2.1
Polearms       | 1 2 |  2.1
Ranged Weapons | 1 2 |  2.1
Armour         | 1 2 |  2.1
Shields        | 1 2 |  2.1
Unarmed Combat | 1 2 |  2.1
Spellcasting   | 1 2 |  2.1
Evocations     | 1 2 |  2.1
Throwing       | 3 |  3.3
Conjurations   | 1 |  1.6
Hexes          | 1 |  1.6
Summonings     | 1 |  1.6
Necromancy     | 1 |  1.6
Translocations | 1 |  1.6
Transmutations | 1 |  1.6
Fire Magic     | 1 |  1.6
Ice Magic      | 1 |  1.6
Air Magic      | 1 |  1.6
Earth Magic    | 1 |  1.6
Poison Magic   | 1 |  1.6
Staves         | 5 |  5.0
Stealth        | 3 |  3.2
Axes           | |  6.9
Dodging        | |  6.9

Action                     |  1- 3 |  4- 6 || total
---------------------------+-------+-------++-------
  Melee: Hand axe          |   131 |    83 ||   214
         Punch             |     3 |     1 ||     4
         Bite              |     7 |     7 ||    14
    Use: Scroll            |     2 |     5 ||     7
         Potion            |       |     2 ||     2
   Stab: Sleeping          |     1 |       ||     1
         Invisible         |       |     3 ||     3
 Armour: Leather armour    |    12 |       ||    12
         Chain mail        |    29 |       ||    29
         Scale mail        |     4 |    26 ||    30
  Dodge: Dodged            |    74 |    44 ||   118

Levels and vault maps discovered:
D:1:      psy_arrival_fountain, layout_loops_corners
D:2:      layout_loops_corners, hellmonk_ecumenical_altar_arch_garden,
          nrook_mini_vaults, nicolae_figureground_sparkle
D:3:      minmay_evil_eye, layout_loops_cross, dk_xom_monty_hall,
          mainiacjoe_overflow_alcove_3, serial_shops, nicolae_shop_crystal,
          grunt_ministairs_8, minmay_circle_x, uniq_pargi, uniq_sigmund
